 Dungeon Crawl Stone Soup version 0.28-a0-1518-gbe868bca14 (webtiles) character file.

Game seed: 18122162660780823911

1637 shadowrider38 the Magician (level 9, -5/66 HPs)
             Began as a Djinni Air Elementalist on Jan 17, 2022.
             Was a Follower of Makhleb.
             Slain by Duvessa (11 damage)
             ... on level 6 of the Dungeon.
             The game lasted 00:17:37 (8533 turns).

shadowrider38 the Magician (DjAE)                   Turns: 8533, Time: 00:17:37

Health: -5/66      AC:  5    Str:  7    XL:     9   Next: 18%
Gold:   320        EV: 13    Int: 22    God:    Makhleb [*.....] SH:  0 Dex: 13

rFire   + + .      SeeInvis .   a - +1 dagger (venom)
rCold   x . .      Faith    .   (no shield)
rNeg    . . .      Spirit   .   g - +0 robe
rPois   ∞          Reflect  .   (no helmet)
rElec   .          Harm     .   e - +2 cloak
rCorr   .          Rampage  .   (no gloves)
Will    .....                   (boots unavailable)
Stlth   ++........              (no amulet)
HPRegen 0.21/turn               (no ring)
MPRegen 0.00/turn               (no ring)

@: on blink cooldown, flying
A: sickness immunity, fire resistance 2, cold vulnerability 1, float, innate
caster, hp casting, extra vitality 1
a: Renounce Religion


You were on level 6 of the Dungeon.
You worshipped Makhleb.
Makhleb was aware of your devotion.
You visited 2 branches of the dungeon, and saw 7 of its levels.

You collected 320 gold pieces.

Inventory:

Hand Weapons
 a - a +1 dagger of venom (weapon)
 i - a +0 short sword
Missiles
 c - 4 javelins
 h - 165 stones
 j - 5 curare-tipped darts
 u - 2 boomerangs
 v - 9 poisoned darts
 y - a throwing net
Armour
 e - a +2 cloak (worn)
 g - a +0 robe (worn)
 z - a +0 ring mail of fire resistance
Wands
 t - a wand of acid (12)
 w - a wand of digging (2)
Scrolls
 b - a scroll of teleportation
 f - a scroll of blinking {unknown}
 k - a scroll of immolation {unknown}
 l - a scroll of vulnerability
 r - a scroll of magic mapping {unknown}
Potions
 d - 3 potions of might
 m - 2 potions of lignification {unknown}
 n - a potion of brilliance
 o - 2 potions of heal wounds
 p - 2 potions of haste
 q - a potion of curing
 s - 3 potions of attraction {unknown}
 x - a potion of degeneration {unknown}


   Skills:
 - Level 6.0 Fighting
 - Level 4.0 Dodging
 - Level 1.5 Stealth
 + Level 7.1 Spellcasting


You had 3 spell levels left.
You knew the following spells:

 Your Spells              Type           Power      Damage    Failure   Level
a - Shock                 Conj/Air       100%       1d9       1%          1
b - Static Discharge      Conj/Air       39%        N/A       1%          2
c - Swiftness             Air            39%        N/A       1%          3
d - Airstrike             Air            19%        N/A       4%          4
e - Sandblast             Erth           78%        2d17      1%          1
f - Blink                 Tloc           78%        N/A       1%          2
g - Frozen Ramparts       Ice            78%        1d9       1%          3
h - Call Canine Familiar  Summ           39%        N/A       1%          3
Your spell library was empty.

Dungeon Overview and Level Annotations

Branches:
Dungeon (6/15)             Temple (1/1) D:4

Altars:
Cheibriados
Dithmenos
Fedhas
Gozag
Hepliaklqana
Makhleb
Nemelex Xobeh
Okawaru
Qazlal
Ru
Trog
Uskayaw
Xom
Yredelemnul
Zin

Shops:
D:3 :

Annotations:
D:2 exclusions: scorpion and worm, Terence
D:4 1 runed translucent door, exclusion: iguana, bande's ghost, novice GrFi
D:6 Duvessa


Innate Abilities, Weirdness & Mutations

You are immune to sickness and miasma.
You are immune to poison.
Your flesh is very heat resistant. (rF++)
You are vulnerable to cold. (rC-)
You float through the air rather than walking.
You learn spells naturally, not from books.
Your magical power is your life essence.
You have superior vitality. (+4 MHP)


Message History

Confirm with . or Enter, or press ? or * to list all spells.
Aiming: Sandblast (safe; 1% risk of failure)
Press: ? - help, Shift-Dir - straight line, f/p - Duvessa
Aim: Duvessa, wielding a +0 rapier and wearing a +0 scale mail of willpower (heavily wounded, berserk, 87% to hit)
Okay, then.
You feel much better.
The wall freezes Duvessa.
Duvessa completely misses you.
You hit Duvessa but do no damage.
Duvessa is poisoned.
Duvessa is heavily wounded.
The wall freezes Duvessa.
Duvessa barely misses you.
The wall freezes Duvessa.
Duvessa closely misses you.
Casting: Sandblast (safe; 1% risk of failure)
Confirm with . or Enter, or press ? or * to list all spells.
Aiming: Shock (safe; 1% risk of failure)
Press: ? - help, Shift-Dir - straight line, p - Duvessa That beam is likely to hit you.
Continue anyway?
The zap misses Duvessa.
The zap hits Duvessa.
Duvessa is severely wounded.
The zap misses you.
The wall freezes Duvessa.
Duvessa hits you with a +0 rapier!
Unknown command.
Aiming: Shock (safe; 1% risk of failure)
Press: ? - help, Q - select action, (/) - cycle Shift-Dir - straight line The zap hits Duvessa but does no damage.
Duvessa is almost dead.
The wall freezes Duvessa.
Duvessa closely misses you.
The wall freezes Duvessa.
Duvessa hits you with a +0 rapier!
* * * LOW HITPOINT WARNING * * *
Unknown command.
Casting: Shock (safe; 1% risk of failure)
Confirm with . or Enter, or press ? or * to list all spells.
Okay, then.
Okay, then.
Casting: Shock (safe; 1% risk of failure)
Confirm with . or Enter, or press ? or * to list all spells.
Your frozen ramparts will break if you move.
Continue?
You blink.
The frozen ramparts melt away as you move.
* * * LOW HITPOINT WARNING * * *
Duvessa hits you with a +0 rapier!
You die...

..............#
.......###.#.##
######## #.[.#
##..# #..#####
#......#
##..###§# ###
#..># #e#...#
##### #@)...#
####..# .# #


You could see Duvessa (berserk, poisoned).

Vanquished Creatures
  Grinder (D:6)
  An ice beast (D:6)
  A black bear (D:5)
  An orc warrior (D:6)
  A sky beast (D:5)
  A necrophage (D:6)
  2 ogres
  2 phantoms (D:5)
  2 bullfrogs (D:6)
  A water moccasin zombie (D:6)
  Dowan (D:6)
  A bullfrog zombie (D:4)
  A jelly (D:4)
  An orc priest (D:3)
  Ijyb (D:4)
  2 iguanas
  A scorpion zombie (D:5)
  A hound skeleton (D:4)
  A howler monkey zombie (D:6)
  8 gnolls
  A howler monkey skeleton (D:5)
  3 adders
  2 white imps
  A worm (D:2)
  3 dart slugs
  8 orcs
  3 bats (D:2)
  4 endoplasms
  4 giant cockroaches
  5 goblins
  9 hobgoblins
  4 quokkas
  11 ball pythons
  6 frilled lizards
  10 kobolds
  9 rats
114 creatures vanquished.

Vanquished Creatures (others)
  8 plants (D:1)
8 creatures vanquished.

Grand Total: 122 creatures vanquished

Notes
Turn   | Place    | Note
-------+----------+-------------------------------------------
     0 | D:1      | shadowrider38 the Djinni Air Elementalist began the quest
                  | for the Orb.
     0 | D:1      | Reached XP level 1. HP: 15/15 MP: 0/0
   248 | D:1      | Found a faded altar of an unknown god.
   291 | D:1      | Reached skill level 1 in Fighting
   547 | D:1      | Reached XP level 2. HP: 20/22 MP: 0/0
  1464 | D:2      | Reached XP level 3. HP: 28/29 MP: 0/0
  1464 | D:2      | Learned a level 1 spell: Sandblast
  2034 | D:2      | Noticed a scorpion
  2412 | D:2      | Reached XP level 4. HP: 32/35 MP: 0/0
  2581 | D:2      | Noticed Terence
  2838 | D:3      | Found an opulent altar of Gozag.
  2878 | D:3      | Reached XP level 5. HP: 24/41 MP: 0/0
  2878 | D:3      | Learned a level 2 spell: Blink
  3204 | D:3      | Found a shimmering altar of Xom.
  3204 | D:3      | Found a burning altar of Makhleb.
  3205 | D:3      | Found a sparkling altar of Nemelex Xobeh.
  3205 | D:3      | Found a hide-covered altar of Uskayaw.
  3208 | D:3      | Found a snail-covered altar of Cheibriados.
  3315 | D:3      | Reached skill level 3 in Spellcasting
  3553 | D:3      | Found Zeodih's Book Emporium.
  3749 | D:3      | Became a worshipper of Makhleb the Destroyer
  3892 | D:4      | Reached XP level 6. HP: 37/47 MP: 0/0
  3983 | D:4      | Found a runed translucent door.
  4106 | D:4      | Found a staircase to the Ecumenical Temple.
  4124 | Temple   | Entered the Ecumenical Temple
  4280 | D:4      | Noticed Ijyb
  4295 | D:4      | Killed Ijyb
  4497 | D:4      | Reached skill level 4 in Spellcasting
  4921 | D:4      | Noticed bande's ghost (novice GrFi)
  4989 | D:4      | Noticed an ogre
  4995 | D:4      | Killed an ogre
  4996 | D:4      | Reached XP level 7. HP: 46/52 MP: 0/0
  4996 | D:4      | Learned a level 3 spell: Frozen Ramparts
  5349 | D:5      | Entered Level 5 of the Dungeon
  6070 | D:5      | Reached skill level 5 in Spellcasting
  6317 | D:5      | Reached XP level 8. HP: 52/58 MP: 0/0
  7367 | D:6      | Reached skill level 6 in Spellcasting
  7427 | D:6      | Reached * piety under Makhleb
  7437 | D:6      | Reached skill level 5 in Fighting
  8181 | D:6      | Noticed Grinder
  8183 | D:6      | Killed Grinder
  8192 | D:6      | Reached XP level 9. HP: 35/66 MP: 0/0
  8192 | D:6      | Learned a level 3 spell: Call Canine Familiar
  8517 | D:6      | Noticed Duvessa
  8517 | D:6      | Noticed Dowan
  8524 | D:6      | Killed Dowan
  8525 | D:6      | Reached skill level 7 in Spellcasting
  8533 | D:6      | Slain by Duvessa

Illustrated notes

Levels and vault maps discovered:
D:1:      minmay_arrival_plants_in_alcoves, layout_loops_corners,
          shapermc_ecumenical_altar_starsandcircs, lexackson_kobold_supper
D:2:      kennysheep_six_static_rooms, layout_loops_ring,
          hangedman_abyss_or_decor_lesser_grid, minmay_misc_feat_x,
          grunt_ministairs_7, minmay_increasing_density, uniq_terence
D:3:      layout_loops_cross, grunt_temple_overflow_open, grunt_gozag_statues,
          serial_shops, nicolae_shop_crystal
D:4:      layout_gridville, nicolae_overflow_hidden_temple,
          minmay_temple_entry_ruins, ebering_ghost_reflecting_pool, uniq_ijyb
D:5:      layout_loops_ring
D:6:      layout_basic, uniq_grinder, uniq_duvessa
Temple:   nicolae_temple_figure_zero

Skill      XL: |  1  2  3  4  5  6  7  8  9 |
---------------+----------------------------+-----
Fighting       | 1 2 3 4 6 |  6.0
Spellcasting   | 3 4 5 6 7 |  7.1
Dodging        | 3 4 |  4.0
Stealth        | |  1.5

Action                   |  1- 3 |  4- 6 |  7- 9 || total
-------------------------+-------+-------+-------++-------
Melee: Short sword       |     2 |       |       ||     2
       Dagger            |    15 |    43 |     7 ||    65
       Punch             |       |     1 |       ||     1
 Cast: Shock             |    66 |    92 |    76 ||   234
       Sandblast         |       |     2 |    17 ||    19
       Frozen Ramparts   |       |       |     4 ||     4
       Airstrike         |       |       |    20 ||    20
       Static Discharge  |       |       |     1 ||     1
       Blink             |       |       |     1 ||     1
  Use: Scroll            |       |     5 |     4 ||     9
       Potion            |       |       |     1 ||     1
 Stab: Sleeping          |     1 |     4 |       ||     5
Armor: Robe              |     2 |    15 |     9 ||    26
Dodge: Dodged            |    11 |    35 |    37 ||    83

Table legend: (Time is in decaauts)
 A = Elapsed time spent in this place.
 B = Non-inter-level travel time spent in this place.
 C = Inter-level travel time spent in this place.
 D = Time resting spent in this place.
 E = Time spent auto-exploring this place.
 F = Levels seen in this place.
 G = Mean time per level.
                   A        B        C        D        E       F      G
               +--------+--------+--------+--------+--------+-----+--------+
         Total |   8535 |   8110 |    425 |   3232 |   4029 |   7 | 1219.3 |
       Dungeon |   8400 |   7984 |    416 |   3232 |   3905 |   6 | 1400.0 |
        Temple |    134 |    125 |      9 |      0 |    124 |   1 |  134.0 |
               +--------+--------+--------+--------+--------+-----+--------+

Top non-repeatable levels by time:
     D:5: 2006 daAuts
     D:1: 1461 daAuts
     D:3: 1415 daAuts
     D:2: 1223 daAuts
     D:4: 1182 daAuts
     D:6: 1111 daAuts
  Temple: 134 daAuts
